| TOP OF THE 1ST |
|
Cedar Rapids Cardinals batting - Pitching for Decatur Commodores : LHP Carlos Montaneze
|
|
Pitching: LHP Carlos Montaneze
|
|
|
Batting: RHB Nehames Bernstine
|
0-0: Ball 1-0: SINGLE (Popup, 6M, EV 52.5 MPH)
|
|
Batting: RHB Reggie D Williams
|
0-0: Swinging Strike 0-1: Ball 1-1: Foul Ball, location: 2F 1-2: Strikes out looking
|
|
Batting: RHB Winston Ficklin
|
0-0: Called Strike 0-1: Ball 1-1: Ball 2-1: Called Strike 2-2: Strikes out swinging
|
|
Batting: RHB Carson Carroll
|
0-0: Ball 1-0: Called Strike 1-1: Swinging Strike 1-2: Strikes out swinging
|
| Top of the 1st over - 0 runs, 1 hit, 0 errors, 1 left on base; Cedar Rapids 0 - Decatur 0 |
| BOTTOM OF THE 1ST |
|
Decatur Commodores batting - Pitching for Cedar Rapids Cardinals : RHP Brian Holton
|
|
Pitching: RHP Brian Holton
|
|
|
Batting: LHB Alexis Marte
|
0-0: Called Strike 0-1: Fly out, F7 (Flyball, 7LS, EV 91.3 MPH)
|
|
Batting: SHB Roger Holt
|
0-0: Ball 1-0: Ball 2-0: Ball 3-0: Base on Balls
|
|
Batting: SHB Daniel Wieser
|
0-0: Called Strike 0-1: Foul Ball, location: 2F 0-2: Ball 1-2: SINGLE (Groundball, 34S, EV 68.8 MPH) (infield hit) Roger Holt to second
|
|
Batting: LHB David Showalter
|
0-0: Swinging Strike 0-1: Ball 1-1: Ball 2-1: Called Strike 2-2: Strikes out swinging
|
|
Batting: SHB Rondin Johnson
|
0-0: Called Strike 0-1: Fly out, F9 (Flyball, 89M, EV 91.3 MPH)
|
| Bottom of the 1st over - 0 runs, 1 hit, 0 errors, 2 left on base; Cedar Rapids 0 - Decatur 0 |
| TOP OF THE 2ND |
|
Cedar Rapids Cardinals batting - Pitching for Decatur Commodores : LHP Carlos Montaneze
|
|
Batting: LHB Robert O'Leath
|
0-0: Called Strike 0-1: Swinging Strike 0-2: Strikes out swinging
|
|
Batting: SHB Bryan Hoppie
|
0-0: Ball 1-0: Ground out 5-3 (Groundball, 5S, EV 65.0 MPH)
|
|
Batting: RHB Dean Kornacker
|
0-0: Ball 1-0: Foul Ball, location: 2F 1-1: Ball 2-1: Ball 3-1: Called Strike 3-2: Foul Ball, location: 2F 3-2: Ground out 6-3 (Groundball, 4MS, EV 81.9 MPH)
|
| Top of the 2nd over - 0 runs, 0 hits, 0 errors, 0 left on base; Cedar Rapids 0 - Decatur 0 |
| BOTTOM OF THE 2ND |
|
Decatur Commodores batting - Pitching for Cedar Rapids Cardinals : RHP Brian Holton
|
|
Batting: LHB Jerry Miller
|
0-0: Called Strike 0-1: Fly out, F8 (Flyball, 8LD, EV 104.4 MPH)
|
|
Batting: RHB Clifton Wilder
|
0-0: Foul Ball, location: 2F 0-1: Called Strike 0-2: Ball 1-2: Strikes out looking
|
|
Batting: LHB Samuel Taves
|
0-0: Ball 1-0: Ball 2-0: Ball 3-0: Base on Balls
|
|
Batting: RHB Rex Farrior
|
0-0: Swinging Strike 0-1: Foul Ball, location: 2F 0-2: SINGLE (Line Drive, 4MD, EV 96.9 MPH) Samuel Taves to second Runner from 2nd tries for 3rd, SAFE, throw by CF made to third
|
|
Batting: LHB Alexis Marte
|
0-0: Called Strike 0-1: SINGLE (Flyball, 8LS, EV 93.1 MPH) Samuel Taves scores Rex Farrior to second
|
|
Batting: SHB Roger Holt
|
0-0: Called Strike 0-1: Ball 1-1: SINGLE (Line Drive, 6D, EV 97.5 MPH) Rex Farrior to third Alexis Marte to second Throwing error, E7 Rex Farrior scores Alexis Marte to third Roger Holt to second
|
|
Batting: SHB Daniel Wieser
|
0-0: Ball 1-0: Ball 2-0: Called Strike 2-1: Swinging Strike 2-2: Strikes out swinging
|
| Bottom of the 2nd over - 2 runs, 3 hits, 1 error, 2 left on base; Cedar Rapids 0 - Decatur 2 |
| TOP OF THE 3RD |
|
Cedar Rapids Cardinals batting - Pitching for Decatur Commodores : LHP Carlos Montaneze
|
|
Batting: RHB Paul Bard
|
0-0: Ball 1-0: Ball 2-0: Ball 3-0: Called Strike 3-1: Fly out, F8 (Flyball, 8RD, EV 108.1 MPH)
|
|
Batting: RHB Chris Gandy
|
0-0: Called Strike 0-1: Foul Ball, location: 2F 0-2: Ball 1-2: Ball 2-2: Foul Ball, location: 2F 2-2: Ball 3-2: Base on Balls
|
|
Batting: RHB Nehames Bernstine
|
0-0: Ball 1-0: Ball 2-0: Ground out 4-3 (Groundball, 4S, EV 63.8 MPH) Chris Gandy to second
|
|
Batting: RHB Reggie D Williams
|
0-0: Called Strike 0-1: Swinging Strike 0-2: Foul Ball, location: 2F 0-2: Strikes out looking
|
| Top of the 3rd over - 0 runs, 0 hits, 0 errors, 1 left on base; Cedar Rapids 0 - Decatur 2 |
| BOTTOM OF THE 3RD |
|
Decatur Commodores batting - Pitching for Cedar Rapids Cardinals : RHP Brian Holton
|
|
Batting: LHB David Showalter
|
0-0: Ball 1-0: Foul Ball, location: 2F 1-1: Swinging Strike 1-2: Foul Ball, location: 2F 1-2: Ball 2-2: Foul Ball, location: 2F 2-2: Foul Ball, location: 2F 2-2: Ball 3-2: Foul Ball, location: 2F 3-2: Base on Balls
|
|
Batting: SHB Rondin Johnson
|
0-0: Ball 1-0: Fielders Choice at 2nd, 1-4 (Groundball, 15S, EV 62.5 MPH)
|
|
Batting: LHB Jerry Miller
|
0-0: Called Strike Rondin Johnson steals 2nd base (no throw) 0-1: Swinging Strike 0-2: Strikes out swinging, 2-3 out at first.
|
|
Batting: RHB Clifton Wilder
|
0-0: Ground out 6-3 (Groundball, 6, EV 85.0 MPH)
|
| Bottom of the 3rd over - 0 runs, 0 hits, 0 errors, 1 left on base; Cedar Rapids 0 - Decatur 2 |
| TOP OF THE 4TH |
|
Cedar Rapids Cardinals batting - Pitching for Decatur Commodores : LHP Carlos Montaneze
|
|
Batting: RHB Winston Ficklin
|
0-0: Ball 1-0: Fly out, F9 (Line Drive, 9, EV 104.4 MPH)
|
|
Batting: RHB Carson Carroll
|
0-0: Fly out, F7 (Flyball, 7LS, EV 85.0 MPH)
|
|
Batting: LHB Robert O'Leath
|
0-0: Ball 1-0: Called Strike 1-1: Foul Ball, location: 2F 1-2: Ground out 4-3 (Groundball, 4, EV 90.6 MPH)
|
| Top of the 4th over - 0 runs, 0 hits, 0 errors, 0 left on base; Cedar Rapids 0 - Decatur 2 |
| BOTTOM OF THE 4TH |
|
Decatur Commodores batting - Pitching for Cedar Rapids Cardinals : RHP Brian Holton
|
|
Batting: LHB Samuel Taves
|
0-0: Swinging Strike 0-1: Ball 1-1: Ball 2-1: Foul Ball, location: 2F 2-2: Ball 3-2: Base on Balls
|
|
Batting: RHB Rex Farrior
|
0-0: Ball 1-0: Ball 2-0: Grounds into double play, 1-6-3 (Groundball, 13S, EV 68.8 MPH)
|
|
Batting: LHB Alexis Marte
|
0-0: Called Strike 0-1: Ball 1-1: Ball 2-1: Called Strike 2-2: Ball 3-2: Foul Ball, location: 2F 3-2: Foul Ball, location: 2F 3-2: Ground out U3 (Groundball, 3L, EV 90.6 MPH)
|
| Bottom of the 4th over - 0 runs, 0 hits, 0 errors, 0 left on base; Cedar Rapids 0 - Decatur 2 |
| TOP OF THE 5TH |
|
Cedar Rapids Cardinals batting - Pitching for Decatur Commodores : LHP Carlos Montaneze
|
|
Batting: SHB Bryan Hoppie
|
0-0: Foul Ball, location: 2F 0-1: Foul Ball, location: 2F 0-2: Ball 1-2: Foul Ball, location: 2F 1-2: Ground out 5-3 (Groundball, 56, EV 88.8 MPH)
|
|
Batting: RHB Dean Kornacker
|
0-0: Ball 1-0: Ball 2-0: Fly out, F9 (Flyball, 9LD, EV 96.3 MPH)
|
|
Batting: RHB Paul Bard
|
0-0: Ball 1-0: Called Strike 1-1: Swinging Strike 1-2: Ball 2-2: Ground out U3 (Groundball, 34S, EV 81.9 MPH)
|
| Top of the 5th over - 0 runs, 0 hits, 0 errors, 0 left on base; Cedar Rapids 0 - Decatur 2 |
| BOTTOM OF THE 5TH |
|
Decatur Commodores batting - Pitching for Cedar Rapids Cardinals : RHP Brian Holton
|
|
Batting: SHB Roger Holt
|
0-0: Foul Ball, location: 2F 0-1: Ball 1-1: Ball 2-1: Ball 3-1: Foul Ball, location: 2F 3-2: Ground out U3 (Groundball, 3, EV 90.6 MPH)
|
|
Batting: SHB Daniel Wieser
|
0-0: Swinging Strike 0-1: Ball 1-1: Foul Ball, location: 2F 1-2: SINGLE (Line Drive, 34D, EV 98.8 MPH)
|
|
Batting: LHB David Showalter
|
0-0: Ball 1-0: Ball 2-0: Called Strike 2-1: Called Strike 2-2: Grounds out, U3 (Groundball, 3L, EV 84.4 MPH)
|
|
Batting: SHB Rondin Johnson
|
0-0: Called Strike 0-1: Ball 1-1: Swinging Strike 1-2: Strikes out swinging
|
| Bottom of the 5th over - 0 runs, 1 hit, 0 errors, 1 left on base; Cedar Rapids 0 - Decatur 2 |
| TOP OF THE 6TH |
|
Cedar Rapids Cardinals batting - Pitching for Decatur Commodores : LHP Carlos Montaneze
|
|
Batting: RHB Chris Gandy
|
0-0: Ball 1-0: Fly out, F8 (Flyball, 8LS, EV 82.5 MPH)
|
|
Batting: RHB Nehames Bernstine
|
0-0: Ball 1-0: Called Strike 1-1: Ball 2-1: Swinging Strike 2-2: Strikes out looking
|
|
Batting: RHB Reggie D Williams
|
0-0: Called Strike 0-1: Ball 1-1: Ball 2-1: Called Strike 2-2: Ball 3-2: Base on Balls
|
|
Batting: RHB Winston Ficklin
|
0-0: Ball Reggie D Williams is caught stealing 2nd base 2-4
|
| Top of the 6th over - 0 runs, 0 hits, 0 errors, 0 left on base; Cedar Rapids 0 - Decatur 2 |
| BOTTOM OF THE 6TH |
|
Decatur Commodores batting - Pitching for Cedar Rapids Cardinals : RHP Brian Holton
|
|
Batting: LHB Jerry Miller
|
0-0: SINGLE (Groundball, 56D, EV 97.5 MPH)
|
|
Batting: RHB Clifton Wilder
|
0-0: Ball Jerry Miller steals 2nd base 1-0: Foul Ball, location: 2F 1-1: Ball 2-1: Ball 3-1: Reached on error, E6 (Popup, 6MD, EV 45.0 MPH) Jerry Miller to third
|
|
Batting: LHB Samuel Taves
|
0-0: Ball 1-0: Ball 2-0: Ball 3-0: Base on Balls Clifton Wilder to second
|
|
Batting: RHB Rex Farrior
|
0-0: Called Strike 0-1: Foul Ball, location: 2F 0-2: Fly out, F7 (Flyball, 7, EV 88.1 MPH)
|
|
Batting: LHB Alexis Marte
|
0-0: Called Strike 0-1: Grounds into fielders choice 6-2 (Groundball, 6, EV 79.4 MPH) Clifton Wilder to third Samuel Taves to second
|
|
Batting: SHB Roger Holt
|
0-0: Fly out, F7 (Line Drive, 7, EV 93.1 MPH)
|
| Bottom of the 6th over - 0 runs, 1 hit, 1 error, 3 left on base; Cedar Rapids 0 - Decatur 2 |
| TOP OF THE 7TH |
|
Cedar Rapids Cardinals batting - Pitching for Decatur Commodores : LHP Carlos Montaneze
|
|
Batting: RHB Winston Ficklin
|
0-0: Ball 1-0: Fly out, F8 (Flyball, 89M, EV 88.1 MPH)
|
|
Batting: RHB Carson Carroll
|
0-0: Called Strike 0-1: Ball 1-1: Ground out 4-3 (Groundball, 4, EV 85.6 MPH)
|
|
Batting: LHB Robert O'Leath
|
0-0: Foul Ball, location: 2F 0-1: Swinging Strike 0-2: Ball 1-2: Ball 2-2: Ball 3-2: Ground out 4-3 (Groundball, 4, EV 105.0 MPH)
|
| Top of the 7th over - 0 runs, 0 hits, 0 errors, 0 left on base; Cedar Rapids 0 - Decatur 2 |
| BOTTOM OF THE 7TH |
|
Decatur Commodores batting - Pitching for Cedar Rapids Cardinals : RHP Brian Holton
|
|
Batting: SHB Daniel Wieser
|
0-0: Called Strike 0-1: Foul Ball, location: 2F 0-2: Fly out, F4 (Line Drive, 4, EV 68.1 MPH)
|
|
Batting: LHB David Showalter
|
0-0: Called Strike 0-1: Fly out, F5 (Line Drive, 5, EV 66.9 MPH)
|
|
Batting: SHB Rondin Johnson
|
0-0: Called Strike 0-1: Ball 1-1: Foul Ball, location: 2F 1-2: SINGLE (Line Drive, 78S, EV 95.0 MPH)
|
|
Batting: LHB Jerry Miller
|
0-0: Ball Rondin Johnson steals 2nd base 1-0: Called Strike 1-1: Reached on error, E6 (Groundball, 6, EV 85.6 MPH) Rondin Johnson to third
|
|
Batting: RHB Clifton Wilder
|
0-0: Ball 1-0: Fly out, F4 (Flyball, 34D, EV 85.0 MPH)
|
| Bottom of the 7th over - 0 runs, 1 hit, 1 error, 2 left on base; Cedar Rapids 0 - Decatur 2 |
| TOP OF THE 8TH |
|
Cedar Rapids Cardinals batting - Pitching for Decatur Commodores : LHP Carlos Montaneze
|
|
Pitching: RHP Ty Hubbard
|
|
|
Batting: SHB Bryan Hoppie
|
0-0: Called Strike 0-1: Ball 1-1: Foul Ball, location: 2F 1-2: Strikes out looking
|
|
Batting: RHB Dean Kornacker
|
0-0: Called Strike 0-1: Ball 1-1: Fly out, F9 (Flyball, 89D, EV 100.0 MPH)
|
|
Batting: RHB Paul Bard
|
0-0: Fly out, F7 (Flyball, 78D, EV 85.6 MPH)
|
| Top of the 8th over - 0 runs, 0 hits, 0 errors, 0 left on base; Cedar Rapids 0 - Decatur 2 |
| BOTTOM OF THE 8TH |
|
Decatur Commodores batting - Pitching for Cedar Rapids Cardinals : RHP Brian Holton
|
|
Batting: LHB Samuel Taves
|
0-0: Called Strike 0-1: Called Strike 0-2: Foul Ball, location: 2F 0-2: Ball 1-2: Foul Ball, location: 2F 1-2: Strikes out swinging
|
|
Batting: RHB Rex Farrior
|
0-0: Called Strike 0-1: Swinging Strike 0-2: Strikes out swinging
|
|
Batting: LHB Alexis Marte
|
0-0: Ball 1-0: Ball 2-0: Ball 3-0: Called Strike 3-1: Fly out, F4 (Popup, 34D, EV 46.3 MPH)
|
| Bottom of the 8th over - 0 runs, 0 hits, 0 errors, 0 left on base; Cedar Rapids 0 - Decatur 2 |
| TOP OF THE 9TH |
|
Cedar Rapids Cardinals batting - Pitching for Decatur Commodores : RHP Ty Hubbard
|
|
Pitching: RHP Luis Guzman
|
|
|
Batting: RHB Chris Gandy
|
0-0: Ball 1-0: Called Strike 1-1: Foul Ball, location: 2F 1-2: Foul Ball, location: 2F 1-2: Ball 2-2: Ball 3-2: Base on Balls
|
|
Batting: RHB Nehames Bernstine
|
0-0: Called Strike 0-1: Foul Ball, location: 2F 0-2: Foul Ball, location: 2F 0-2: Foul Ball, location: 2F 0-2: Strikes out looking
|
|
Batting: RHB Reggie D Williams
|
0-0: Ground out 3-1 (Groundball, 34, EV 90.0 MPH) Chris Gandy to second
|
|
Batting: RHB Winston Ficklin
|
0-0: Called Strike 0-1: SINGLE (Groundball, 56, EV 98.1 MPH) (infield hit) Chris Gandy to third
|
|
Batting: RHB Carson Carroll
|
0-0: Called Strike 0-1: Ball 1-1: Swinging Strike 1-2: Foul Ball, location: 2F 1-2: Ball 2-2: Ball Wild Pitch! Chris Gandy scores Winston Ficklin to second 3-2: Foul Ball, location: 2F 3-2: Strikes out swinging
|
| Top of the 9th over - 1 run, 1 hit, 0 errors, 1 left on base; Cedar Rapids 1 - Decatur 2 |
|